 Dungeon Crawl Stone Soup version 0.31.0-11-ge490571c62 (webtiles) character file.

Game seed: 8307098212647332045

541 qw the Skirmisher (level 7, -1/40 HPs)
             Began as a Deep Elf Hunter on Feb 4, 2024.
             Slain by a black bear (2 damage)
             ... on level 5 of the Dungeon.
             The game lasted 00:00:59 (3283 turns).

qw the Skirmisher (Deep Elf Hunter)                 Turns: 3283, Time: 00:01:00

Health: -1/40      AC:  5    Str: 10    XL:     7   Next: 5%
Magic:  9/9        EV: 11    Int: 14    God:
Gold:   128        SH:  0    Dex: 18    Spells: 6/6 levels left

rFire   . . .        a - +2 shortbow
rCold   . . .        (shield currently unavailable)
rNeg    . . .        j - +0 ring mail
rPois   .            (no helmet)
rElec   .            (no cloak)
rCorr   .            (no gloves)
SInv    .            (no boots)
Will    .....        f - amulet of the acrobat
Stlth   +            (no ring)
HPRegen 0.26/turn    (no ring)
MPRegen 0.11/turn

%: acrobat
@: no status effects
A: no striking features
a: no special abilities


You were on level 5 of the Dungeon.
You visited 1 branch of the dungeon, and saw 5 of its levels.

You collected 128 gold pieces.


   Skills:
 - Level 2.0 Fighting
 + Level 10.8 Ranged Weapons
 - Level 3.0 Dodging
 - Level 1.2 Stealth


You had 6 spell levels left.
You didn't know any spells.
Your spell library was empty.

Inventory:

Hand Weapons
 a - a +2 shortbow (weapon)
Armour
 j - a +0 ring mail (worn)
Jewellery
 f - an amulet of the acrobat (around neck)
Scrolls
 e - 3 scrolls of teleportation
Potions
 b - a potion of ambrosia {unknown}
 d - a potion of might
 h - a potion of enlightenment {unknown}
 i - a potion of heal wounds {unknown}
 k - 2 potions of curing {unknown}

Dungeon Overview and Level Annotations

Branches:
Dungeon (5/15)
 Temple: D:4-7

Altars:
The Shining One


Message History

The black bear misses you. The black bear bites you.
The black bear barely misses you. The black bear claws you.
You shoot an arrow. The arrow hits the black bear.
The black bear is moderately wounded.
The black bear bites you. The black bear closely misses you.
The black bear barely misses you.
You shoot an arrow. The arrow hits the black bear.
The black bear is heavily wounded.
You shoot an arrow. The arrow hits the black bear.
The black bear is heavily wounded.
The black bear bites you but does no damage.
The black bear misses you.
The black bear claws you but does no damage.
The black bear bites you but does no damage.
The black bear misses you. The black bear closely misses you.
You shoot an arrow. The arrow barely misses the black bear.
The black bear bites you.
The black bear claws you but does no damage.
The black bear closely misses you.
You shoot an arrow.
The arrow hits the black bear but does no damage.
The black bear is heavily wounded.
The black bear bites you but does no damage.
The black bear misses you.
The black bear claws you but does no damage.
You shoot an arrow. The arrow hits the black bear!
The black bear is severely wounded.
The black bear goes berserk!
You shoot an arrow.
The arrow closely misses the black bear.
The black bear completely misses you.
The black bear claws you but does no damage.
The black bear claws you.
You shoot an arrow. The arrow hits the black bear!
The black bear is almost dead.
The black bear bites you! The black bear misses you.
The black bear claws you but does no damage.
The black bear misses you. The black bear barely misses you.
The black bear claws you.
You die...

#~~#.......~~~.....+
#~~#......~~~~.....#
#~~#.......~~.~....#
##~#........~.~....#
##~#.....#~~~......###
##~#.......~~.#......#
##~#.....##~~#+......#
~#~#.....##~~###.....#
~#~#.....###~~ #@....#
~#~#.....# ###~#.h...#
~~##.....# ##.....#
~~~#.....# ...####
##~#.....# ...#
.#~#.....# .....
.###.....# .....
.........# .....!.
.........#


You could see a black bear (berserk).

Vanquished Creatures
  An ogre (D:5)
  3 scorpions
  A hound (D:5)
  A sleepcap (D:5)
  An iguana (D:4)
  7 gnolls
  5 adders
  A dart slug (D:1)
  A ribbon worm (D:4)
  4 orcs
  11 ball pythons
  5 bats
  3 endoplasms
  3 giant cockroaches (D:1)
  4 goblins
  3 hobgoblins
  7 jackals
  5 quokkas
  A frilled lizard (D:1)
  6 kobolds
  7 rats
80 creatures vanquished.

Notes
Turn   | Place    | Note
-------+----------+-------------------------------------------
     0 | D:1      | qw the Deep Elf Hunter began the quest for the Orb.
     0 | D:1      | Reached XP level 1. HP: 12/12 MP: 3/3
     0 | D:1      | 0 ||| qw: Version: 0.3-a-160-g6735b56
     0 | D:1      | 0 ||| qw: Game counter: 6057
     0 | D:1      | 0 ||| qw: Melee chars always use a shield: true
     0 | D:1      | 0 ||| qw: God list: Okawaru
     0 | D:1      | 0 ||| qw: Allow faded altars: false
     0 | D:1      | 0 ||| qw: Do Orc after clearing Dungeon:15 true
     0 | D:1      | 0 ||| qw: Do second Lair branch before Depths: true
     0 | D:1      | 0 ||| qw: Lair rune preference: random
     0 | D:1      | 0 ||| qw: Goals: Normal
     0 | D:1      | 0 ||| PLANNING D:1-11
   168 | D:1      | Reached skill level 6 in Ranged Weapons
   168 | D:1      | Reached XP level 2. HP: 16/16 MP: 4/4
   362 | D:1      | Found a faded altar of an unknown god.
   407 | D:1      | Reached XP level 3. HP: 20/20 MP: 5/5
   931 | D:1      | 931 ||| UPGRADING to amulet of the acrobat.
   936 | D:1      | 936 ||| READING scroll labelled DOMPIPHUOTT.
   936 | D:1      | 936 ||| ENCHANTING +0 shortbow.
   937 | D:1      | 937 ||| READING scroll labelled PUUTUY NEGGEWK.
   941 | D:1      | 941 ||| READING scroll labelled JUJAARGH RODY.
   942 | D:1      | 942 ||| READING scroll labelled CYULE XUENEZ.
   943 | D:1      | 943 ||| DROPPING scroll of butterflies.
   974 | D:2      | Reached skill level 7 in Ranged Weapons
  1377 | D:3      | 1377 ||| RETREEEEATING.
  1381 | D:3      | Reached XP level 4. HP: 25/25 MP: 6/6
  1764 | D:3      | Reached skill level 8 in Ranged Weapons
  1923 | D:3      | 1923 ||| READING scroll labelled ASCHUT SAN GISK.
  1924 | D:3      | 1924 ||| READING scroll labelled EKHOANA BAIZIE.
  1924 | D:3      | 1924 ||| IDENTIFYING murky sapphire potion
  1925 | D:3      | 1925 ||| DRINKING 2 sapphire potions.
  1967 | D:4      | Noticed a scorpion
  1968 | D:4      | 1968 ||| DRINKING potion of haste.
  1975 | D:4      | Killed a scorpion
  1976 | D:4      | Reached XP level 5. HP: 29/29 MP: 7/7
  1999 | D:4      | Found a glowing golden altar of the Shining One.
  2036 | D:4      | 2036 ||| READING scroll of enchant weapon.
  2036 | D:4      | 2036 ||| ENCHANTING +1 shortbow.
  2253 | D:4      | Reached skill level 9 in Ranged Weapons
  2395 | D:4      | Reached skill level 3 in Dodging
  2826 | D:4      | 2826 ||| UPGRADING to +0 ring mail.
  2836 | D:4      | 2836 ||| DROPPING +0 leather armour.
  2837 | D:4      | 2837 ||| READING scroll labelled XYSONW ZEAMAE.
  2838 | D:4      | 2838 ||| READING scroll labelled ONEBRYI QOMNAGAL.
  2890 | D:5      | Entered Level 5 of the Dungeon
  2907 | D:5      | Noticed an ogre
  2917 | D:5      | Killed an ogre
  2918 | D:5      | Reached XP level 6. HP: 35/35 MP: 8/8
  3091 | D:5      | Reached skill level 10 in Ranged Weapons
  3184 | D:5      | Reached XP level 7. HP: 40/40 MP: 9/9
  3283 | D:5      | HP: 1/40 [black bear (10)]
  3283 | D:5      | Slain by a black bear

Levels and vault maps discovered:
D:1:      dpeg_arrival_court, layout_basic, hellmonk_ecumenical_altar_run_dry,
          minivault_26, chequers_serial_rivers_micro_d, kennysheep_crisscross,
          chequers_serial_rivers_large_a
D:2:      layout_basic
D:3:      layout_loops_ring
D:4:      layout_cave_pods, tso_metal_star, minmay_statues_item,
          serial_library_hellmonk_double_dead_end, minmay_misc_feat_plants,
          kennysheep_generic_room_11
D:5:      layout_gridville, grunt_temple_overflow_open, temple_green,
          serial_rivers, chequers_serial_rivers_small_3,
          chequers_serial_rivers_micro_d, chequers_serial_rivers_marsh,
          chequers_serial_rivers_large_b, chequers_serial_rivers_micro_c,
          minivault_4

Skill      XL: |  1  2  3  4  5  6 |
---------------+-------------------+-----
Ranged Weapons | 6 7 8 9 10 | 10.8
Dodging        | 3 |  3.0
Fighting       | 2 |  2.0
Stealth        | |  1.2

Action                     |  1- 3 |  4- 6 |  7- 9 || total
---------------------------+-------+-------+-------++-------
   Fire: Shortbow          |   100 |   116 |    19 ||   235
    Use: Scroll            |     4 |     5 |       ||     9
         Potion            |       |     2 |       ||     2
 Armour: Leather armour    |    14 |     2 |       ||    16
         Ring mail         |       |    11 |    19 ||    30
  Dodge: Dodged            |    19 |    23 |    20 ||    62

Table legend:
 A = Non-vault XP
 B = Vault XP
 C = Vault XP percentage of total XP
 D = Non-vault monster count
 E = Vault monster count
 F = Vault count percentage of total count
                 A         B        C        D         E       F
            +---------+---------+-------+---------+---------+-------
      Total |     774 |       0 |   0.0 |      80 |       0 |   0.0
            +---------+---------+-------+---------+---------+-------
        D:1 |      53 |       0 |   0.0 |      33 |       0 |   0.0
        D:2 |      31 |       0 |   0.0 |      11 |       0 |   0.0
        D:3 |      66 |       0 |   0.0 |       8 |       0 |   0.0
        D:4 |     202 |       0 |   0.0 |      19 |       0 |   0.0
        D:5 |     422 |       0 |   0.0 |       9 |       0 |   0.0
            +---------+---------+-------+---------+---------+-------
